[ AOE2 MATCH · #505838404 ]
UnrankedGurjaras vs Portuguese
Player's team · LOSS
[ REPLAY ANALYSIS · EXTRACTED FROM THE RECORDED GAME ]
Feudal
8:00
Castle
—
Imperial
—
| APM avg | 64.9 |
| APM peak | 115 |
| eAPM avg | 22.8 |
| Villagers / military | 41 / 0 |
Focus
⚔️ 33.5% · 🌾 66.5%
Feudal
14:47
Castle
—
Imperial
—
| APM avg | 57.8 |
| APM peak | 128 |
| eAPM avg | 26.2 |
| Villagers / military | 46 / 0 |
Focus
⚔️ 37.8% · 🌾 62.2%
Match map
Initial resources + every placement click. Lines = walls · curves = elevation contours. ◆ gold · ⬟ stone · ● berries · ✦ relic · ◌ wall gap
Your base· ✓ Closed at 12:00 · 3t walls · 3 gate(s)
Dr Housed's base· ✓ Closed at 16:32 · 7t walls · 7 gate(s)
Smoothed initial terrain · ◌ = detected wall gap · hover for details
Inputs per minute
— catorce - - Dr Housed
Build order — catorce
73 actions detected in the replay
| 0:00 | Queue | Villager (Male) |
| 0:01 | Queue | Villager (Male) |
| 0:01 | Queue | Villager (Male) |
| 0:01 | Queue | Villager (Male) |
| 0:02 | Build | House |
| 0:04 | Build | House |
| 0:31 | Build | Mill |
| 1:31 | Queue | Villager (Male) |
| 1:56 | Queue | Villager (Male) |
| 1:56 | Queue | Villager (Male) |
| 2:15 | Queue | Villager (Male) |
| 2:32 | Queue | Villager (Male) |
| 3:00 | Queue | Villager (Male) |
| 3:39 | Build | House |
| 3:45 | Queue | Villager (Male) |
| 3:45 | Queue | Villager (Male) |
| 4:11 | Queue | Villager (Male) |
| 4:42 | Queue | Villager (Male) |
| 5:17 | Build | Lumber Camp |
| 5:25 | Research | Loom |
| 5:47 | Research | Feudal Age |
| 5:47 | Research | Feudal Age |
| 7:57 | Queue | Villager (Male) |
| 8:00 | Age | Feudal Age |
| 8:01 | Build | Mining Camp |
| 8:33 | Queue | Villager (Male) |
| 8:33 | Queue | Villager (Male) |
| 8:48 | Queue | Villager (Male) |
| 9:05 | Build | Palisade Wall |
| 9:10 | Build | Palisade Wall |
| 9:15 | Queue | Villager (Male) |
| 9:33 | Queue | Villager (Male) |
| 9:44 | Build | Watch Tower |
| 10:07 | Queue | Villager (Male) |
| 10:12 | Build | Palisade Wall |
| 10:23 | Build | Palisade Wall |
| 10:33 | Queue | Villager (Male) |
| 10:37 | Research | Double-Bit Axe |
| 10:43 | Build | House |
| 10:58 | Research | Wheelbarrow |
| 11:21 | Queue | Villager (Male) |
| 11:21 | Queue | Villager (Male) |
| 11:53 | Queue | Villager (Male) |
| 11:53 | Queue | Villager (Male) |
| 12:07 | Queue | Villager (Male) |
| 12:53 | Queue | Villager (Male) |
| 13:23 | Queue | Villager (Male) |
| 13:57 | Queue | Villager (Male) |
| 13:58 | Build | Farm |
| 13:59 | Build | Farm |
| 14:01 | Queue | Villager (Male) |
| 14:02 | Build | Farm |
| 14:03 | Queue | Villager (Male) |
| 14:31 | Build | Palisade Wall |
| 14:33 | Build | Palisade Wall |
| 14:35 | Build | Palisade Wall |
| 14:43 | Queue | Villager (Male) |
| 14:47 | Build | House |
| 15:05 | Queue | Villager (Male) |
| 15:20 | Build | Palisade Wall |
| 15:22 | Build | Palisade Wall |
| 15:23 | Build | Palisade Wall |
| 15:26 | Queue | Villager (Male) |
| 15:41 | Queue | Villager (Male) |
| 15:51 | Build | Watch Tower |
| 16:10 | Queue | Villager (Male) |
| 16:10 | Queue | Villager (Male) |
| 16:37 | Queue | Villager (Male) |
| 16:37 | Queue | Villager (Male) |
| 17:05 | Build | House |
| 17:08 | Build | Palisade Wall |
| 17:12 | Build | Palisade Wall |
| 17:15 | Queue | Villager (Male) |
Build order — Dr Housed
100 actions detected in the replay
| 0:01 | Queue | Villager (Male) |
| 0:02 | Build | House |
| 0:04 | Build | House |
| 0:10 | Queue | Villager (Male) |
| 0:10 | Queue | Villager (Male) |
| 0:10 | Queue | Villager (Male) |
| 1:29 | Queue | Villager (Male) |
| 1:48 | Build | Mill |
| 2:04 | Queue | Villager (Male) |
| 2:23 | Queue | Villager (Male) |
| 2:24 | Queue | Villager (Male) |
| 3:14 | Queue | Villager (Male) |
| 3:17 | Queue | Villager (Male) |
| 3:28 | Build | House |
| 3:33 | Queue | Villager (Male) |
| 4:02 | Queue | Villager (Male) |
| 4:09 | Queue | Villager (Male) |
| 4:37 | Queue | Villager (Male) |
| 4:48 | Queue | Villager (Male) |
| 4:49 | Queue | Villager (Male) |
| 5:12 | Queue | Villager (Male) |
| 5:13 | Queue | Villager (Male) |
| 5:23 | Queue | Villager (Male) |
| 5:30 | Queue | Villager (Male) |
| 5:38 | Queue | Villager (Male) |
| 5:54 | Queue | Villager (Male) |
| 5:57 | Build | House |
| 6:32 | Build | Lumber Camp |
| 7:35 | Build | House |
| 7:41 | Research | Loom |
| 7:58 | Queue | Villager (Male) |
| 8:19 | Queue | Villager (Male) |
| 8:29 | Build | Palisade Wall |
| 8:29 | Queue | Villager (Male) |
| 8:45 | Queue | Villager (Male) |
| 8:48 | Queue | Villager (Male) |
| 8:53 | Queue | Villager (Male) |
| 8:58 | Build | House |
| 8:59 | Queue | Villager (Male) |
| 9:04 | Queue | Villager (Male) |
| 9:16 | Queue | Villager (Male) |
| 9:26 | Queue | Villager (Male) |
| 9:34 | Queue | Villager (Male) |
| 9:53 | Queue | Villager (Male) |
| 10:02 | Queue | Villager (Male) |
| 10:29 | Queue | Villager (Male) |
| 10:32 | Queue | Villager (Male) |
| 10:45 | Queue | Villager (Male) |
| 10:54 | Build | Farm |
| 11:01 | Build | Farm |
| 11:04 | Build | Farm |
| 11:22 | Queue | Villager (Male) |
| 11:23 | Queue | Villager (Male) |
| 11:32 | Build | Mining Camp |
| 11:38 | Build | Lumber Camp |
| 11:38 | Queue | Villager (Male) |
| 11:46 | Queue | Villager (Male) |
| 11:58 | Build | Farm |
| 12:00 | Build | Farm |
| 12:20 | Research | Feudal Age |
| 12:48 | Queue | Villager (Male) |
| 12:58 | Build | Farm |
| 13:08 | Build | Palisade Gate |
| 13:10 | Build | House |
| 13:13 | Build | House |
| 13:19 | Build | Palisade Gate |
| 13:24 | Build | Palisade Gate |
| 13:35 | Build | Palisade Gate |
| 13:51 | Build | Palisade Gate |
| 13:53 | Build | Palisade Gate |
| 14:10 | Build | Palisade Gate |
| 14:12 | Build | House |
| 14:31 | Build | Palisade Gate |
| 14:33 | Build | Palisade Wall |
| 14:45 | Build | Palisade Gate |
| 14:46 | Build | Palisade Gate |
| 14:47 | Age | Feudal Age |
| 14:49 | Build | House |
| 14:52 | Build | Palisade Wall |
| 14:58 | Build | Blacksmith |
| 15:01 | Build | House |
| 15:05 | Build | Market |
| 15:18 | Build | Watch Tower |
| 15:28 | Queue | Villager (Male) |
| 15:28 | Queue | Villager (Male) |
| 15:30 | Research | Double-Bit Axe |
| 15:30 | Research | Gold Mining |
| 15:37 | Build | Farm |
| 15:38 | Build | Farm |
| 15:47 | Build | House |
| 15:49 | Build | Palisade Wall |
| 15:51 | Build | Palisade Wall |
| 15:56 | Build | House |
| 15:59 | Build | Palisade Wall |
| 16:00 | Build | Palisade Wall |
| 16:20 | Build | Gate |
| 16:32 | Research | Castle Age |
| 17:08 | Queue | Villager (Male) |
| 17:40 | Build | House |
| 17:44 | Build | House |
Match timeline
| 8:00 | catorce · age_up feudal |
| 8:29 | Dr Housed · wall_segment Palisade Wall x1 |
| 9:05 | catorce · wall_segment Palisade Wall x1 |
| 9:10 | catorce · wall_segment Palisade Wall x1 |
| 10:12 | catorce · wall_segment Palisade Wall x1 |
| 10:23 | catorce · wall_segment Palisade Wall x1 |
| 14:31 | catorce · wall_segment Palisade Wall x1 |
| 14:33 | catorce · wall_segment Palisade Wall x1 |
| 14:33 | Dr Housed · wall_segment Palisade Wall x1 |
| 14:35 | catorce · wall_segment Palisade Wall x1 |
| 14:47 | Dr Housed · age_up feudal |
| 14:52 | Dr Housed · wall_segment Palisade Wall x1 |
| 15:20 | catorce · wall_segment Palisade Wall x1 |
| 15:22 | catorce · wall_segment Palisade Wall x1 |
| 15:23 | catorce · wall_segment Palisade Wall x1 |
| 15:49 | Dr Housed · wall_segment Palisade Wall x1 |
| 15:51 | Dr Housed · wall_segment Palisade Wall x1 |
| 15:59 | Dr Housed · wall_segment Palisade Wall x1 |
| 16:00 | Dr Housed · wall_segment Palisade Wall x1 |
| 16:27 | Dr Housed · first_market_sell 100 wood |
| 17:08 | catorce · wall_segment Palisade Wall x1 |
| 17:12 | catorce · wall_segment Palisade Wall x1 |
| 18:10 | catorce · resign |
[ AI ANALYSIS · 1 CREDIT ]
What really happened in this match?
Wolo.gg analyzes every decision: build order, eco, micro, common mistakes by bracket. Personalized analysis on WhatsApp or Discord in 30 seconds.
Civ guide
Gurjaras
Perfil
catorce